 Dungeon Crawl Stone Soup version 0.31.0-9-g3a7656b989 (webtiles) character file.

Game seed: 7370796666459078117

67 qw the Shooter (level 3, -1/20 HPs)
             Began as a Deep Elf Hunter on Feb 2, 2024.
             Slain by a gnoll
             ... wielding a +0 spear
              (7 damage)
             ... on level 3 of the Dungeon.
             The game lasted 00:00:05 (1022 turns).

qw the Shooter (Deep Elf Hunter)                    Turns: 1022, Time: 00:00:06

Health: -1/20      AC:  7    Str: 10    XL:     3   Next: 98%
Magic:  5/5        EV: 11    Int: 13    God:
Gold:   115        SH:  0    Dex: 18    Spells: 2/2 levels left

rFire   . . .        a - +1 shortbow
rCold   . . .        (shield currently unavailable)
rNeg    . . .        f - +0 ring mail
rPois   .            (no helmet)
rElec   .            (no cloak)
rCorr   .            g - +1 pair of gloves
SInv    .            (no boots)
Will    .....        (no amulet)
Stlth   +            (no ring)
HPRegen 0.23/turn    (no ring)
MPRegen 0.09/turn

%: no passive effects
@: no status effects
A: no striking features
a: no special abilities


You were on level 3 of the Dungeon.
You visited 1 branch of the dungeon, and saw 3 of its levels.

You collected 115 gold pieces.


   Skills:
 - Level 1.5 Fighting
 + Level 7.4 Ranged Weapons
 - Level 2.4 Dodging
 - Level 1.2 Stealth


You had 2 spell levels left.
You didn't know any spells.
Your spell library was empty.

Inventory:

Hand Weapons
 a - a +1 shortbow (weapon)
Armour
 f - a +0 ring mail (worn)
 g - a +1 pair of gloves (worn)
Potions
 b - a potion of lignification {unknown}
 c - a potion of brilliance {unknown}
 e - 2 potions of might
 h - a potion of degeneration {unknown}

Dungeon Overview and Level Annotations

Branches:
Dungeon (3/15)

Altars:

Shops:
D:1 [*=[


Message History

The gnoll closely misses you.
You shoot an arrow. The arrow barely misses the gnoll.
The gnoll hits you but does no damage.
You shoot an arrow. The arrow hits the gnoll.
You kill the gnoll!
You start resting.
HP restored.
You climb downwards.
The ball python barely misses you. The ball python grabs you.
The ball python constricts you. The gnoll hits you with a +0 whip.
The gnoll hits you from afar with a +0 spear.
The orc hits you with a +0 club.
The ball python bites you but does no damage.
The ball python constricts you.
There is a stone staircase leading up, spattered with blood here.
1016 ||| RETREEEEATING.
You escape the ball python's grasp.
The gnoll closely misses you. The gnoll attacks as it pursues you!
The gnoll hits you from afar with a +0 spear.
The orc attacks as it pursues you! The orc hits you but does no damage.
1017 ||| RETREEEEATING.
The ball python misses you. The ball python closely misses you.
The gnoll attacks as it pursues you! The gnoll hits you but does no damage.
1018 ||| RETREEEEATING.
The ball python bites you. The ball python grabs you.
The ball python constricts you.
1019 ||| RETREEEEATING.
You escape the ball python's grasp.
The gnoll attacks as it pursues you! The gnoll closely misses you.
1020 ||| RETREEEEATING.
The gnoll attacks as it pursues you! The gnoll hits you but does no damage.
The gnoll attacks as it pursues you! The gnoll hits you but does no damage.
You shoot an arrow. The arrow hits the gnoll!
The gnoll is severely wounded.
The gnoll hits you with a +0 whip! The ball python misses you. x2
The gnoll misses you.
You shoot an arrow. The arrow hits the gnoll.
You kill the gnoll!
The ball python bites you but does no damage.
The ball python misses you.
The gnoll hits you from afar with a +0 spear!
You die...

####### ..
##.....##
...#.......##
.......>....#
....7.....7@# ...
..........oS#....
......7.7g........
............#.....
....7.....7.#.....
.......<..........
...#.......#######
#. ##.....##
#######


You could see a gnoll, an orc and a ball python.

Vanquished Creatures
  2 gnolls
  An adder (D:2)
  A dart slug (D:2)
  6 endoplasms
  5 giant cockroaches
  4 goblins
  2 hobgoblins
  7 kobolds
  2 ball pythons (D:1)
  7 bats
  3 frilled lizards (D:1)
  4 rats
44 creatures vanquished.

Notes
Turn   | Place    | Note
-------+----------+-------------------------------------------
     0 | D:1      | qw the Deep Elf Hunter began the quest for the Orb.
     0 | D:1      | Reached XP level 1. HP: 12/12 MP: 3/3
     0 | D:1      | 0 ||| qw: Version: 0.3-a-155-g5e7d8dd
     0 | D:1      | 0 ||| qw: Game counter: 2017
     0 | D:1      | 0 ||| qw: Melee chars always use a shield: true
     0 | D:1      | 0 ||| qw: God list: Okawaru
     0 | D:1      | 0 ||| qw: Allow faded altars: false
     0 | D:1      | 0 ||| qw: Do Orc after clearing Dungeon:15 true
     0 | D:1      | 0 ||| qw: Do second Lair branch before Depths: true
     0 | D:1      | 0 ||| qw: Lair rune preference: random
     0 | D:1      | 0 ||| qw: Goals: Normal
     0 | D:1      | 0 ||| PLANNING D:1-11
    48 | D:1      | Found Zefoscho's Jewellery Shoppe.
    58 | D:1      | 58 ||| SHOPLISTING +4 ring of protection (360 gold, have
                  | 0).
    58 | D:1      | 58 ||| SHOPLISTING ring "Hutsa" {rPois MP+9 Str+3} (375
                  | gold, have 0).
    82 | D:1      | Reached XP level 2. HP: 15/16 MP: 4/4
    96 | D:1      | Found Cuhaehu's Armour Emporium.
   104 | D:1      | Reached skill level 6 in Ranged Weapons
   115 | D:1      | 115 ||| SHOPLISTING +0 ring mail (52 gold, have 0).
   115 | D:1      | 115 ||| SHOPLISTING +4 scale mail of cold resistance (403
                  | gold, have 0).
   119 | D:1      | Found Rudygh's General Store.
   129 | D:1      | 129 ||| SHOPLISTING +0 ring mail (48 gold, have 9).
   129 | D:1      | 129 ||| SHOPLISTING 2 scrolls of identify (48 gold, have
                  | 9).
   129 | D:1      | 129 ||| SHOPLISTING potion of curing (36 gold, have 9).
   129 | D:1      | 129 ||| SHOPLISTING potion of mutation (96 gold, have 9).
   289 | D:1      | Found Fiohox's Armour Shop.
   300 | D:1      | 300 ||| UPGRADING to +0 scale mail.
   310 | D:1      | 310 ||| DROPPING +0 leather armour.
   311 | D:1      | 311 ||| UPGRADING to +0 ring mail.
   321 | D:1      | 321 ||| DROPPING +0 scale mail.
   322 | D:1      | 322 ||| UPGRADING to +0 pair of gloves.
   454 | D:1      | 454 ||| READING scroll labelled UCAXTUVIUMI.
   454 | D:1      | 454 ||| ENCHANTING +0 shortbow.
   455 | D:1      | 455 ||| READING scroll labelled DURIOSUOVA.
   455 | D:1      | 455 ||| ENCHANTING +0 pair of gloves.
   456 | D:1      | 456 ||| DRINKING 3 fizzy blue potions.
   457 | D:1      | 457 ||| DROPPING scroll of butterflies.
   478 | D:2      | Reached XP level 3. HP: 20/20 MP: 5/5
   581 | D:2      | Reached skill level 7 in Ranged Weapons
   937 | D:2      | 937 ||| READING scroll labelled EDGHOA FUSUINYH.
   938 | D:2      | 938 ||| READING scroll labelled DIXUWE GAVVACA.
   959 | D:3      | 959 ||| STAIRDANCE
  1016 | D:3      | 1016 ||| RETREEEEATING.
  1017 | D:3      | 1017 ||| RETREEEEATING.
  1018 | D:3      | 1018 ||| RETREEEEATING.
  1019 | D:3      | 1019 ||| RETREEEEATING.
  1020 | D:3      | 1020 ||| RETREEEEATING.
  1021 | D:3      | HP: 5/20 [gnoll/+0 whip (7)]
  1022 | D:3      | Slain by a gnoll

Levels and vault maps discovered:
D:1:      dpeg_arrival_pond, layout_rooms, serial_shops, shop, shop,
          nicolae_lakefront_shop, shop, minmay_pentomino_r4
D:2:      layout_rooms
D:3:      layout_basic, grunt_ministairs_10, uniq_robin

Skill      XL: |  1  2  3 |
---------------+----------+-----
Ranged Weapons | 6 7 |  7.4
Fighting       | |  1.5
Dodging        | |  2.4
Stealth        | |  1.2

Action                     || total
---------------------------++-------
   Fire: Shortbow          ||   117
    Use: Scroll            ||     4
         Potion            ||     1
 Armour: Leather armour    ||    12
         Ring mail         ||    22
  Dodge: Dodged            ||    30

Table legend:
 A = Non-vault XP
 B = Vault XP
 C = Vault XP percentage of total XP
 D = Non-vault monster count
 E = Vault monster count
 F = Vault count percentage of total count
                 A         B        C        D         E       F
            +---------+---------+-------+---------+---------+-------
      Total |     105 |       5 |   4.5 |      41 |       3 |   6.8
            +---------+---------+-------+---------+---------+-------
        D:1 |      30 |       5 |  14.3 |      21 |       3 |  12.5
        D:2 |      61 |       0 |   0.0 |      19 |       0 |   0.0
        D:3 |      14 |       0 |   0.0 |       1 |       0 |   0.0
            +---------+---------+-------+---------+---------+-------
